 Dungeon Crawl Stone Soup version 0.30-a0-743-gbfdf073431 (webtiles) character file.

Game seed: 16491738494403208603

2302 Darkkill the Skirmisher (level 9, -3/80 HPs)
             Began as a Minotaur Hunter on Feb 7, 2023.
             Was an Initiate of Gozag.
             Killed from afar by a gargoyle (26 damage)
             ... with a stone arrow
             ... in a bailey.
             The game lasted 00:15:12 (6768 turns).

Darkkill the Skirmisher (Minotaur Hunter)           Turns: 6768, Time: 00:15:13

Health: -3/80      AC:  6    Str: 17    XL:     9   Next: 17%
Magic:  8/8        EV: 14    Int:  6    God:    Gozag
Gold:   354        SH:  0    Dex: 17    Spells: 8/8 levels left

rFire   . . .      SeeInvis .    a - +3 shortbow (freeze)
rCold   . . .      Faith    .    (shield currently unavailable)
rNeg    . . .      Spirit   .    j - +1 ring mail of Ycluas {rElec}
rPois   .          Reflect  .    (helmet restricted)
rElec   +          Harm     .    (no cloak)
rCorr   .          Rampage  .    (no gloves)
Will    .....                    (no boots)
Stlth   +++                      (no amulet)
HPRegen 0.33/turn                (no ring)
MPRegen 0.11/turn                (no ring)

@: about to teleport
A: horns 2, retaliatory headbutt
a: Renounce Religion, Potion Petition, Call Merchant, Bribe Branch


You were in a bailey.
You worshipped Gozag.
Gozag was aware of your devotion.
You visited 2 branches of the dungeon, and saw 8 of its levels.
You also visited: Sewer and Bailey.

You collected 580 gold pieces.
You spent 120 gold pieces at shops.
You paid 106 gold pieces to Gozag.

Inventory:

Hand Weapons
 a - a +3 shortbow of freezing (weapon)
Missiles
 c - 11 poisoned darts
 f - 5 boomerangs
 q - 5 curare-tipped darts {=f !f}
 u - 7 stones
Armour
 j - the +1 ring mail of Ycluas (worn) {rElec}
   (You found it on level 3 of the Dungeon)

   rElec:     It insulates you from electricity.
Jewellery
 g - a +6 ring of strength
Wands
 n - a wand of flame (46)
 t - a wand of charming (9)
Scrolls
 b - 2 scrolls of immolation
 i - 7 scrolls of teleportation
 s - a scroll of identify {@r1}
Potions
 d - 5 potions of lignification
 e - 2 potions of mutation
 h - a potion of haste
 k - 2 potions of attraction
 m - 5 potions of flight
 o - a potion of brilliance
 p - a potion of berserk rage {unknown}
 r - 4 potions of heal wounds


   Skills:
 + Level 7.7 Fighting
 + Level 8.0 Ranged Weapons
 + Level 7.0 Dodging
 + Level 5.5 Stealth


You had 8 spell levels left.
You didn't know any spells.
Your spell library contained the following spells:

 Spells                   Type           Power      Damage    Failure   Level
 Summon Small Mammal      Summ           0%         N/A       67%         1
 Call Canine Familiar     Summ           0%         N/A       95%         3
 Ignite Poison            Fire/Tmut/Pois 0%         N/A       95%         3
 Summon Guardian Golem    Hex/Summ       0%         N/A       95%         3
 Sticky Flame             Conj/Fire      0%         2d3       100%        4
 Haunt                    Necr/Summ      0%         N/A       100%        7
 Ignition                 Fire           0%         3d3       100%        8
 Infestation              Necr           0%         N/A       100%        8
 Animate Dead             Necr           Unusable   N/A       N/A         4

Dungeon Overview and Level Annotations

Branches:
Dungeon (7/15)             Temple (1/1) D:5           Sewer (visited)
 Bailey (1/1)

Altars:
Ashenzari
Dithmenos
Elyvilon
Fedhas
Gozag
Hepliaklqana
Kikubaaqudgha
Makhleb
Nemelex Xobeh
Okawaru
Qazlal
Trog
Vehumet
Xom
Yredelemnul
Zin

Shops:
D:4 :   D:6 !

Annotations:
D:3 1 runed translucent door, Crazy Yiuf
D:6 3 runed translucent doors, MrSquiggles's ghost, novice OgGl; avis's ghost, amateur DgHu; boo's ghost, novice TeGl; yumyumyeen's ghost, novice GnMo


Innate Abilities, Weirdness & Mutations

You have a pair of horns on your head.
You reflexively headbutt those who attack you in melee.


Message History

Press: ? - help, Q - select action, (/) - cycle Shift-Dir - straight line
Okay, then.
You now have 345 gold pieces (gained 6).
You see here a +0 spear.
You now have 354 gold pieces (gained 9).
You see here a +0 trident.
An orc warrior zombie and 2 orc zombies come into view.
Aiming: Quicksilver Bolt
Press: ? - help, Q - select action, (/) - cycle Shift-Dir - straight line, f - orc warrior zombie
Aim: an orc warrior zombie, wielding a +0 halberd (dormant, 100% to hit)
The bolt of dispelling energy hits the orc zombie!
You destroy the orc zombie!
The bolt of dispelling energy hits the orc warrior zombie!
The orc warrior zombie is moderately damaged.
The now-empty wand crumbles to dust.
Fire: a) +3 shortbow (freeze)
Press: ? - help, Q - select action, (/) - cycle Shift-Dir - straight line, f/p - orc warrior zombie
Aim: an orc warrior zombie, wielding a +0 halberd (moderately damaged, 75% to hit)
You shoot an arrow. The arrow hits the orc zombie.
The orc zombie is severely damaged.
Fire: a) +3 shortbow (freeze)
Press: ? - help, Q - select action, (/) - cycle Shift-Dir - straight line, f/p - orc warrior zombie
Aim: an orc warrior zombie, wielding a +0 halberd (moderately damaged, 75% to hit)
You shoot an arrow.
The arrow completely misses the orc zombie.
The arrow hits the orc warrior zombie.
The orc warrior zombie is heavily damaged.
Fire: a) +3 shortbow (freeze)
Press: ? - help, Q - select action, (/) - cycle Shift-Dir - straight line, f/p - orc warrior zombie
Aim: an orc warrior zombie, wielding a +0 halberd (heavily damaged, 75% to hit)
You shoot an arrow. The arrow hits the orc zombie!
You destroy the orc zombie!
A gargoyle comes into view. It is wielding a +0 flail.
Fire: a) +3 shortbow (freeze)
Press: ? - help, Q - select action, (/) - cycle Shift-Dir - straight line, f/p - orc warrior zombie
Aim: an orc warrior zombie, wielding a +0 halberd (heavily damaged, 75% to hit)
You shoot an arrow.
The arrow completely misses the orc warrior zombie.
The arrow hits the gargoyle.
The arrow freezes the gargoyle.
The gargoyle is lightly damaged.
Fire: a) +3 shortbow (freeze)
Press: ? - help, Q - select action, (/) - cycle Shift-Dir - straight line, f/p - orc warrior zombie
Aim: an orc warrior zombie, wielding a +0 halberd (heavily damaged, 75% to hit)
Okay, then.
Aiming: Charm
Press: ? - help, Q - select action, (/) - cycle Shift-Dir - straight line, f/p - orc warrior zombie
Aim: an orc warrior zombie, wielding a +0 halberd (heavily damaged, chance to affect: 62%)
The orc warrior zombie resists with significant effort.
The orc warrior zombie closely misses you.
Fire: a) +3 shortbow (freeze)
Press: ? - help, Q - select action, (/) - cycle Shift-Dir - straight line, f/p - orc warrior zombie
Aim: an orc warrior zombie, wielding a +0 halberd (heavily damaged, 75% to hit)
You shoot an arrow. The arrow hits the orc warrior zombie!
The orc warrior zombie is severely damaged.
The orc warrior zombie hits you from afar with a +0 halberd!
You shoot an arrow.
The arrow hits the gargoyle but does no damage.
The gargoyle is lightly damaged.
The gargoyle hurls a stone arrow at you.
The stone arrow hits you!
The orc warrior zombie closely misses you.
Aiming: Throw Flame
Press: ? - help, Q - select action, (/) - cycle Shift-Dir - straight line, f/p - gargoyle
Aim: a gargoyle, wielding a +0 flail (lightly damaged, 85% to hit)
The puff of flame hits the gargoyle but does no damage.
The gargoyle is lightly damaged.
The gargoyle is distracted by your dazzling golden aura.
The orc warrior zombie misses you.
Aiming: Throw Flame
Press: ? - help, Q - select action, (/) - cycle Shift-Dir - straight line, f/p - gargoyle
Aim: a gargoyle, wielding a +0 flail (lightly damaged, 85% to hit)
The puff of flame misses the gargoyle.
The puff of flame hits the orc warrior zombie.
The orc warrior zombie is almost destroyed.
Aiming: Throw Flame
Press: ? - help, Q - select action, (/) - cycle Shift-Dir - straight line, f/p - gargoyle
Aim: a gargoyle, wielding a +0 flail (lightly damaged, 85% to hit)
The puff of flame hits the gargoyle but does no damage.
The gargoyle is lightly damaged.
The gargoyle is no longer distracted by gold.
The orc warrior zombie closely misses you.
The gargoyle hits you with a +0 flail!!
Aiming: Throw Flame
Press: ? - help, Q - select action, (/) - cycle Shift-Dir - straight line, f/p - gargoyle
Aim: a gargoyle, wielding a +0 flail (lightly damaged, 85% to hit)
The puff of flame hits the gargoyle but does no damage.
The gargoyle is lightly damaged.
The gargoyle hits you with a +0 flail!!
* * * LOW HITPOINT WARNING * * *
The orc warrior zombie hits you from afar with a +0 halberd.
* * * LOW HITPOINT WARNING * * *
Unknown command.
You feel much better. The gargoyle misses you.
The orc warrior zombie barely misses you.
As you read the scroll of teleportation, it crumbles to dust.
You feel strangely unstable.
The gargoyle hurls a stone arrow at you.
The stone arrow hits you!!
You die...
Your body crumbles into a pile of gold.

#### ####..+
##.....# #++#####
+......# #.....8#
#....).# #......#
#......######...@..#
#.....))......##9..#
#.♣..♣.......##.Z..#
#............#....##
+....♣......##..$##
#............##...
##........♣...##..
.....♣..♣......#..
..)............#


You could see a gargoyle and an orc warrior zombie.

Vanquished Creatures
  Pikel (D:6)
  Grinder (D:4)
  Eustachio (D:6)
  Menkaure (D:6)
  3 black bears
  An ogre (D:5)
  Blork the orc (D:4)
  A lemure (D:6)
  A kobold brigand (D:6)
  A bullfrog (D:6)
  2 necrophages
  A howler monkey (D:5)
  A jelly (D:4)
  4 orc priests
  3 orc wizards
  Ijyb (D:4)
  2 iguanas
  A gnoll (D:1)
  7 river rats (Sewer)
  7 adders
  2 shadow imps (D:5)
  4 worms
  2 dart slugs
  17 orcs
  13 ball pythons
  12 bats
  5 endoplasms
  7 giant cockroaches
  11 goblins
  6 hobgoblins
  10 jackals
  9 kobolds
  10 quokkas
  9 frilled lizards
  6 orc zombies (Bailey)
  7 rats
171 creatures vanquished.

Vanquished Creatures (others)
  A plant (D:2)
  3 withered plants
4 creatures vanquished.

Grand Total: 175 creatures vanquished

Notes
Turn   | Place    | Note
-------+----------+-------------------------------------------
     0 | D:1      | Darkkill the Minotaur Hunter began the quest for the Orb.
     0 | D:1      | Reached XP level 1. HP: 18/18 MP: 0/0
    51 | D:1      | Reached skill level 1 in Stealth
    58 | D:1      | Reached XP level 2. HP: 22/25 MP: 1/1
   200 | D:1      | Reached XP level 3. HP: 25/31 MP: 2/2
  1086 | D:2      | Found a broken altar of Ashenzari.
  1263 | D:2      | Reached XP level 4. HP: 38/38 MP: 3/3
  1568 | D:3      | Noticed a black bear
  1576 | D:3      | Killed a black bear
  1577 | D:3      | Reached skill level 5 in Ranged Weapons
  1577 | D:3      | Reached XP level 5. HP: 27/46 MP: 4/4
  1786 | D:3      | Found a glowing drain.
  1788 | D:3      | Identified the +1 ring mail of Ycluas {rElec}
  1807 | Sewer    | Entered a sewer
  2187 | Sewer    | Reached XP level 6. HP: 18/53 MP: 5/5
  2885 | D:3      | Found a runed translucent door.
  2887 | D:3      | Noticed Crazy Yiuf
  3157 | D:4      | Noticed Grinder
  3160 | D:4      | HP: 9/53 [Grinder/bolt of dispelling energy (24)]
  3333 | D:4      | Paralysed by Grinder for 4 turns
  3435 | D:4      | Paralysed by Grinder for 2 turns
  3455 | D:4      | HP: 7/53 [Grinder (5)]
  3456 | D:4      | Killed Grinder
  3457 | D:4      | Reached skill level 5 in Fighting
  3457 | D:4      | Reached skill level 6 in Ranged Weapons
  3457 | D:4      | Reached XP level 7. HP: 8/61 MP: 6/6
  3735 | D:4      | Found Sokhlil's Tremendous Tomes.
  3931 | D:4      | Noticed Ijyb
  3940 | D:4      | Killed Ijyb
  4049 | D:4      | Found a basalt altar of Yredelemnul.
  4266 | D:4      | Noticed Blork the orc
  4276 | D:4      | Killed Blork the orc
  4277 | D:4      | Reached skill level 5 in Dodging
  4540 | D:5      | Entered Level 5 of the Dungeon
  4648 | D:5      | Reached XP level 8. HP: 24/70 MP: 7/7
  4816 | D:5      | Found a white marble altar of Elyvilon.
  5044 | D:5      | Found a staircase to the Ecumenical Temple.
  5140 | Temple   | Entered the Ecumenical Temple
  5227 | Temple   | Became a worshipper of Gozag Ym Sagoz the Greedy
  5382 | D:6      | Reached skill level 7 in Ranged Weapons
  5440 | D:6      | Noticed Eustachio
  5459 | D:6      | Killed Eustachio
  5840 | D:6      | Reached skill level 5 in Stealth
  5875 | D:6      | Noticed Menkaure
  5881 | D:6      | HP: 11/73 [Menkaure/nerve-wracking pain (6)]
  5882 | D:6      | Killed Menkaure
  6121 | D:6      | Found a runed translucent gate.
  6121 | D:6      | Found a runed translucent gate.
  6121 | D:6      | Found a runed translucent gate.
  6123 | D:6      | Noticed yumyumyeen's ghost (novice GnMo)
  6123 | D:6      | Noticed MrSquiggles's ghost (novice OgGl)
  6125 | D:6      | Noticed avis's ghost (amateur DgHu)
  6125 | D:6      | Noticed boo's ghost (novice TeGl)
  6192 | D:6      | Found Bextemef's Distillery.
  6197 | D:6      | Bought a potion of heal wounds for 60 gold pieces
  6197 | D:6      | Bought a potion of heal wounds for 60 gold pieces
  6306 | D:6      | Noticed Pikel
  6324 | D:6      | Killed Pikel
  6325 | D:6      | Reached skill level 8 in Ranged Weapons
  6325 | D:6      | Reached XP level 9. HP: 28/80 MP: 8/8
  6637 | D:7      | Found a flagged portal.
  6660 | Bailey   | Entered a bailey
  6758 | Bailey   | Noticed a gargoyle
  6766 | Bailey   | HP: 8/80 [gargoyle/+0 flail (25)]
  6766 | Bailey   | HP: 3/80 [orc warrior zombie/+0 halberd (5)]
  6768 | Bailey   | Killed from afar by a gargoyle

Illustrated notes

Levels and vault maps discovered:
D:1:      shiori_arrival_oz, layout_basic, minmay_bisected
D:2:      layout_loops_cross, basic_altar, guppyfry_early_lair_pool
D:3:      layout_basic, gup_sewer_entry_pipe, uniq_crazy_yiuf_cottage
D:4:      layout_basic, yredelemnul_altar_generic,
          nicolae_shop_i_like_big_books, uniq_grinder, uniq_blork_the_orc,
          uniq_ijyb
D:5:      layout_rooms, nicolae_elyvilon_peaceful_grove,
          minmay_temple_entry_offerings, hangedman_decor_clover_reticule
D:6:      layout_loops_ring, gammafunk_ghost_cemetery, serial_shops,
          kennysheep_little_box, hangedman_decor_push, uniq_eustachio,
          uniq_menkaure, uniq_pikel
D:7:      layout_loops_corners, enter_bailey_2, nicolae_shop_self_help,
          uniq_maggie
Temple:   nicolae_temple_bog_church
Bailey:   bailey_polearm_vampire_castle_hellmonk, bailey

Skill      XL: |  1  2  3  4  5  6  7  8 |
---------------+-------------------------+-----
Stealth        | 1 2 3 4 5 |  5.5
Fighting       | 3 4 5 6 7 |  7.7
Dodging        | 3 4 5 7 |  7.0
Ranged Weapons | 5 6 8 |  8.0

Action                     |  1- 3 |  4- 6 |  7- 9 || total
---------------------------+-------+-------+-------++-------
  Melee: Shortbow          |       |     1 |       ||     1
         Headbutt          |       |     1 |       ||     1
   Fire: Shortbow          |   118 |   220 |   197 ||   535
  Evoke: Wand              |       |       |     6 ||     6
    Use: Scroll            |     1 |     9 |    11 ||    21
         Potion            |       |     1 |     1 ||     2
 Armour: Leather armour    |     6 |    17 |       ||    23
         Ring mail         |       |    20 |    38 ||    58
  Dodge: Dodged            |    26 |   101 |    83 ||   210

Table legend: (Time is in decaauts)
 A = Elapsed time spent in this place.
 B = Non-inter-level travel time spent in this place.
 C = Inter-level travel time spent in this place.
 D = Time resting spent in this place.
 E = Time spent auto-exploring this place.
 F = Levels seen in this place.
 G = Mean time per level.
                   A        B        C        D        E       F      G
               +--------+--------+--------+--------+--------+-----+--------+
         Total |   7103 |   6761 |    342 |    239 |   5341 |  10 |  710.3 |
       Dungeon |   5800 |   5508 |    292 |    239 |   4439 |   7 |  828.6 |
        Temple |    138 |     88 |     50 |      0 |     44 |   1 |  138.0 |
         Sewer |   1052 |   1052 |      0 |      0 |    837 |   1 | 1052.0 |
        Bailey |    112 |    112 |      0 |      0 |     20 |   1 |  112.0 |
               +--------+--------+--------+--------+--------+-----+--------+

Top non-repeatable levels by time:
     D:6: 1320 daAuts
     D:4: 1183 daAuts
     D:3: 1071 daAuts
   Sewer: 1052 daAuts
     D:1: 924 daAuts
     D:5: 659 daAuts
     D:2: 602 daAuts
  Temple: 138 daAuts
  Bailey: 112 daAuts
     D:7: 37 daAuts

Table legend:
 A = Kills in this place as a percentage of kills in entire the game.
 B = Kills by you in this place as a percentage of kills by you in the entire game.
 C = Kills by friends in this place as a percentage of kills by friends in the entire game.
 D = Other kills in this place as a percentage of other kills in the entire game.
 E = Experience gained in this place as a percentage of experience gained in the entire game.
 F = Experience gained in this place divided by the number of levels of this place that you have seen.
                   A       B       C       D       E      F
               +-------+-------+-------+-------+-------+----------------------
         Total | 100.0 | 100.0 |   N/A |   N/A | 100.0 | 328.9
       Dungeon |  76.5 |  76.5 |   N/A |   N/A |  93.6 | 439.9
         Sewer |  20.0 |  20.0 |   N/A |   N/A |   5.8 | 191.0
        Bailey |   3.5 |   3.5 |   N/A |   N/A |   0.6 |  19.0
               +-------+-------+-------+-------+-------+----------------------
